 Dungeon Crawl Stone Soup version 0.28-a0-987-g8383568036 (webtiles) character file.

Game seed: 1401303436142778089

9271 Htamos the Frost Mage (level 11, -1/100 HPs)
             Began as an Ogre Ice Elementalist on Dec 4, 2021.
             Was a Believer of Vehumet.
             Killed from afar by Fannar (42 damage)
             ... with a bolt of cold
             ... on level 10 of the Dungeon.
             The game lasted 00:28:57 (11887 turns).

Htamos the Frost Mage (Ogre Ice Elementalist)      Turns: 11887, Time: 00:28:57

Health: -1/100     AC: 15    Str: 14    XL:     11   Next: 43%
Magic:  4/18       EV: 13    Int: 20    God:    Vehumet [**....]
Gold:   567        SH:  0    Dex:  9    Spells: 5/20 levels left

rFire   . . .      SeeInvis .   t - +3 falchion (elec)
rCold   . . .      Faith    .   (no shield)
rNeg    . . .      Spirit   .   C - +0 troll leather armour
rPois   .          Reflect  .   h - +2 hat
rElec   .          Harm     .   I - +0 cloak
rCorr   .          Rampage  .   (gloves unavailable)
Will    +....                   (boots unavailable)
Stlth   +.........              B - amulet of regeneration
HPRegen 1.86/turn               w - +4 ring of evasion
MPRegen 0.16/turn               j - ring of wizardry

@: ice-armoured
A: large, unfitting armour, tough skin 1
a: Renounce Religion


You were on level 10 of the Dungeon.
You worshipped Vehumet.
Vehumet was pleased with you.
You visited 2 branches of the dungeon, and saw 11 of its levels.

You collected 567 gold pieces.

Inventory:

Hand Weapons
 f - a +0 short sword
 t - a +3 falchion of electrocution (weapon)
 z - a +3 vorpal scimitar
 M - a +2 short sword of venom
Missiles
 e - 84 poisoned darts
 g - 303 stones
 n - 2 throwing nets
 E - 6 curare-tipped darts
Armour
 a - a +1 robe
 h - a +2 hat (worn)
 C - a +0 troll leather armour (worn)
 I - a +0 cloak (worn)
Jewellery
 j - a ring of wizardry (right hand)
 r - a ring of resist corrosion
 v - a +4 ring of protection
 w - a +4 ring of evasion (left hand)
 B - an amulet of regeneration (around neck)
Wands
 q - a wand of mindburst (15)
 s - a wand of polymorph (4)
 A - a wand of iceblast (7)
 K - a wand of flame (5)
Scrolls
 m - 2 scrolls of enchant armour
 p - 9 scrolls of teleportation
 x - a scroll of acquirement {unknown}
 y - a scroll of fog {unknown}
 D - a scroll of magic mapping {unknown}
 F - a scroll of blinking
 G - 4 scrolls of identify {@rr}
Potions
 b - 6 potions of curing {unknown}
 c - a potion of lignification
 i - a potion of heal wounds
 k - a potion of attraction
 l - a potion of cancellation
 o - a potion of degeneration
 u - 2 potions of brilliance
 H - a potion of resistance {unknown}
 J - a potion of invisibility {unknown}
 L - a potion of might
Miscellaneous
 d - a phial of floods (inert)


   Skills:
 - Level 4.2 Fighting
 - Level 1.7 Dodging
 - Level 1.4 Stealth
 - Level 5.0 Spellcasting
 + Level 2.7 Conjurations
 - Level 10.0 Fire Magic
 - Level 12.0 Ice Magic


You had 5 spell levels left.
You knew the following spells:

 Your Spells              Type           Power      Damage    Failure   Level
a - Freeze                Ice            100%       1d11      1%          1
b - Frozen Ramparts       Ice            100%       1d12      1%          3
c - Ozocubu's Armour      Ice            52%        N/A       1%          3
d - Hailstorm             Conj/Ice       34%        3d9       2%          4
e - Flame Wave            Conj/Fire      30%        2d7       4%          4

Your spell library contained the following spells:

 Spells                   Type           Power      Damage    Failure   Level
 Scorch                   Fire           90%        2d9       1%          2
 Foxfire                  Conj/Fire      100%       2x1d9     1%          1
 Conjure Flame            Conj/Fire      30%        6-21      1%          3
 Inner Flame              Hex/Fire       25%        N/A       2%          3
 Corpse Rot               Necr/Air       10%        N/A       9%          2
 Poisonous Vapours        Pois/Air       10%        N/A       9%          2
 Tukima's Dance           Hex            5%         N/A       17%         3
 Airstrike                Air            2%         N/A       47%         4
 Passage of Golubria      Tloc           5%         N/A       47%         4
 Summon Lightning Spire   Summ/Air       5%         N/A       47%         4
 Lightning Bolt           Conj/Air       5%         1d17      65%         5
 Yara's Violent Unravell  Hex/Tmut       2%         3d3       82%         5
 Conjure Ball Lightning   Conj/Air       5%         3x3d6     99%         6
 Discord                  Hex            2%         N/A       100%        8
 Disjunction              Tloc           2%         N/A       100%        8


Dungeon Overview and Level Annotations

Branches:
Dungeon (10/15)            Temple (1/1) D:5
   Lair: D:8-11         Orc: D:9-12

Altars:
Ashenzari
Cheibriados
Dithmenos
Elyvilon
Fedhas
Gozag
Hepliaklqana
Kikubaaqudgha
Makhleb
Nemelex Xobeh
Okawaru
Qazlal
Ru
Sif Muna
Trog
Uskayaw
Vehumet
Wu Jian
Xom
Yredelemnul
Zin
The Shining One

Shops:
D:1 ([**(   D:2 [

Annotations:
D:8 3 runed translucent doors, fly's ghost, novice FoDe
D:10 exclusion: Snorg, Fannar


Innate Abilities, Weirdness & Mutations

You are too large for most types of armour.
You have tough skin. (AC +1)


Message History

You hit Fannar but do no damage.
Fannar is severely wounded.
The ice beast hits you but does no damage.
Fannar hits you with a +0 quarterstaff of freezing.
Fannar freezes you.
The ice beast hits you but does no damage.
The ice beast barely misses you.
You hit Fannar. Lightning courses through Fannar!
Fannar is almost dead.
Fannar barely misses you.
The ice beast hits you but does no damage. x2
Fannar misses you. The ice beast closely misses you.
Unknown command.
You miss Fannar.
Fannar is almost dead.
The ice beast hits you but does no damage.
Fannar mumbles some strange words.
Fannar drains the heat from the surrounding environment!
The ice beast misses you.
Unknown command.
You closely miss Fannar.
Fannar is almost dead.
The ice beast barely misses you. Fannar closely misses you.
The ice beast barely misses you. The ice beast misses you.
Unknown command.
You hit Fannar.
Fannar is almost dead.
Fannar hits you with a +0 quarterstaff of freezing.
Fannar freezes you. The ice beast closely misses you. The ice beast hits you.
The ice beast freezes you.
Fannar gestures wildly while chanting.
Fannar drains the heat from the surrounding environment!
* * * LOW HITPOINT WARNING * * *
The ice beast closely misses you.
You hit Fannar but do no damage.
Fannar is almost dead.
The ice beast hits you but does no damage.
Fannar gestures at you while chanting. The bolt of cold hits you!!!
You die...

............#
##.................##
#...................#
#.....e..............
#...... ............
##..... ############
#..... #..e## #.Y@##
######## ##.Y.##
###..##.#.
###..#####....##...
##..........#....
##..............
##............#
##....##...###
##.>####.## #..## ###


You could see Fannar and 2 ice beasts.

Vanquished Creatures
  Snorg (D:10)
  Sonja (D:10)
  2 kobold demonologists (D:9)
  3 trolls
  A hornet (D:8)
  2 shadows
  A wyvern (D:8)
  Eustachio (D:5)
  7 yaks
  2 steam dragons (D:8)
  2 vampire mosquitoes (D:9)
  Edmund (D:5)
  A water moccasin (D:8)
  A hornet zombie (D:8)
  2 ice beasts
  2 sky beasts (D:6)
  3 orc warriors
  2 black bears (D:6)
  2 necrophages
  2 centaurs
  2 phantoms
  4 kobold brigands
  2 bullfrogs
  2 wyvern zombies
  2 gnoll sergeants
  A scorpion (D:6)
  10 killer bees
  3 howler monkeys
  7 wights
  A jelly (D:6)
  A bullfrog zombie (D:5)
  A centaur zombie (D:9)
  2 bullfrog skeletons
  A hound (D:6)
  3 orc priests
  3 gnoll shamans
  5 iguanas
  11 orc wizards
  A statue (D:8)
  A hound zombie (D:5)
  A mummy (D:5)
  3 howler monkey zombies
  25 gnolls
  4 adders
  4 white imps
  An adder skeleton (D:4)
  3 dart slugs
  26 orcs
  8 endoplasms
  2 giant cockroaches
  6 goblins
  7 hobgoblins
  6 quokkas
  4 ball pythons
  7 bats
  4 frilled lizards
  2 hobgoblin zombies (D:5)
  12 kobolds
  2 kobold zombies (D:5)
  6 rats
235 creatures vanquished.

Vanquished Creatures (others)
  A kobold demonologist (D:6)
1 creature vanquished.

Grand Total: 236 creatures vanquished

Notes
Turn   | Place    | Note
-------+----------+-------------------------------------------
     0 | D:1      | Htamos the Ogre Ice Elementalist began the quest for the
                  | Orb.
     0 | D:1      | Reached XP level 1. HP: 16/16 MP: 3/3
   145 | D:1      | Found Etsidad's General Store.
   248 | D:1      | Found Pazodgh's Assorted Antiques.
   254 | D:1      | Reached XP level 2. HP: 26/26 MP: 3/5
   288 | D:1      | Found Owaufusch's Armour Shop.
   296 | D:1      | Reached skill level 1 in Fighting
   344 | D:1      | Found Zip Cub's Weapon Shop.
   450 | D:1      | Reached skill level 4 in Ice Magic
   554 | D:1      | Found Moefoagh's Weapon Emporium.
   768 | D:1      | Reached XP level 3. HP: 33/33 MP: 4/7
  1247 | D:2      | Learned a level 3 spell: Frozen Ramparts
  1251 | D:2      | Learned a level 3 spell: Ozocubu's Armour
  1494 | D:2      | Found Fiasynoe's Armour Shoppe.
  1999 | D:2      | Found a faded altar of an unknown god.
  2017 | D:2      | Found a faded altar of an unknown god.
  2348 | D:3      | Reached XP level 4. HP: 42/42 MP: 5/8
  2590 | D:3      | Found a large runed translucent door.
  2591 | D:3      | Found a large runed translucent door.
  2697 | D:3      | Found a white marble altar of Elyvilon.
  2758 | D:3      | Found a basalt altar of Yredelemnul.
  3591 | D:3      | Found a hide-covered altar of Uskayaw.
  3594 | D:3      | Found a burning altar of Makhleb.
  3677 | D:4      | Noticed an ogre
  3688 | D:4      | Reached XP level 5. HP: 50/50 MP: 7/10
  4013 | D:4      | Reached skill level 5 in Ice Magic
  4164 | D:4      | Found a shimmering altar of Xom.
  4195 | D:4      | Reached XP level 6. HP: 42/61 MP: 4/12
  4422 | D:4      | Noticed a necrophage
  4440 | D:4      | Killed a necrophage
  4441 | D:4      | Reached XP level 7. HP: 65/70 MP: 2/13
  4819 | D:5      | Entered Level 5 of the Dungeon
  5061 | D:5      | Found a shimmering blue altar of Sif Muna.
  5079 | D:5      | Reached skill level 6 in Ice Magic
  5348 | D:5      | Reached skill level 5 in Spellcasting
  5524 | D:5      | Noticed Edmund
  5552 | D:5      | Killed Edmund
  5553 | D:5      | Reached skill level 7 in Ice Magic
  5648 | D:5      | Found a staircase to the Ecumenical Temple.
  5708 | D:5      | Reached XP level 8. HP: 54/78 MP: 1/15
  5931 | Temple   | Entered the Ecumenical Temple
  6196 | D:5      | Noticed Eustachio
  6207 | D:5      | Killed Eustachio
  6208 | D:5      | Reached skill level 8 in Ice Magic
  6913 | D:6      | Found a sacrificial altar of Ru.
  7015 | D:6      | Reached skill level 9 in Ice Magic
  7280 | D:6      | Reached XP level 9. HP: 72/84 MP: 13/16
  7500 | D:6      | Reached skill level 10 in Ice Magic
  7574 | D:6      | Noticed a kobold demonologist
  7575 | D:6      | Noticed a smoke demon
  7581 | D:6      | Killed a kobold demonologist
  8768 | D:7      | Reached skill level 11 in Ice Magic
  9278 | D:7      | Noticed a troll
  9286 | D:7      | Killed a troll
  9304 | D:7      | Learned a level 4 spell: Hailstorm
  9309 | D:7      | Learned a level 4 spell: Flame Wave
  9502 | D:8      | Found a radiant altar of Vehumet.
  9566 | D:8      | Became a worshipper of Vehumet
  9702 | D:8      | Reached skill level 1 in Fire Magic
  9778 | D:8      | Noticed a hornet
  9786 | D:8      | Killed a hornet
  9787 | D:8      | Reached skill level 12 in Ice Magic
  9787 | D:8      | Reached XP level 10. HP: 93/93 MP: 13/17
  9826 | D:8      | Reached skill level 5 in Fire Magic
  9832 | D:8      | Reached * piety under Vehumet
  9832 | D:8      | Offered knowledge of Sandblast by Vehumet.
  9947 | D:8      | Noticed a brown ugly thing
  9970 | D:8      | Found a runed translucent gate.
  9971 | D:8      | Found a runed translucent gate.
  9971 | D:8      | Found a runed translucent gate.
 10050 | D:8      | Noticed fly's ghost (novice FoDe)
 10233 | D:9      | Found an ancient bone altar of Kikubaaqudgha.
 10235 | D:9      | Found a broken altar of Ashenzari.
 10236 | D:9      | Found an opulent altar of Gozag.
 10236 | D:9      | Found a hazy altar of Hepliaklqana.
 10650 | D:9      | Noticed a kobold demonologist
 10652 | D:9      | Noticed a kobold demonologist
 10654 | D:9      | Noticed an orange demon
 10657 | D:9      | Noticed a sun demon
 10661 | D:9      | Killed a kobold demonologist
 10672 | D:9      | Noticed an orange demon
 10674 | D:9      | Killed a kobold demonologist
 10675 | D:9      | Reached XP level 11. HP: 66/100 MP: 15/18
 10934 | D:10     | Entered Level 10 of the Dungeon
 10973 | D:10     | Offered knowledge of Scorch by Vehumet.
 11006 | D:10     | Reached ** piety under Vehumet
 11059 | D:10     | Noticed Snorg
 11072 | D:10     | Killed Snorg
 11434 | D:10     | Noticed Sonja
 11441 | D:10     | Killed Sonja
 11442 | D:10     | Reached skill level 10 in Fire Magic
 11707 | D:10     | Found a glowing golden altar of the Shining One.
 11865 | D:10     | Noticed Fannar
 11887 | D:10     | Killed from afar by Fannar

Illustrated notes

Levels and vault maps discovered:
D:1:      amcnicky_arrival_blooded_trapdoor, layout_loops_ring, serial_shops,
          shop, nicolae_shop_competitors_out_of_business,
          nicolae_shop_advertising_works [nicolae_subvault_shop_adworks], shop,
          nicolae_shop_bloodbath_and_beyond, chequers_serial_rivers_large_a
D:2:      layout_basic, serial_forest, infiniplex_forest_clump_curved,
          infiniplex_forest_clump_small, infiniplex_forest_lined_room_,
          infiniplex_forest_clump_curved, infiniplex_forest_clump_cross,
          infiniplex_forest_end_2, infiniplex_forest_straight_5,
          infiniplex_forest_clump_medium, serial_shops, shop,
          hellmonk_ecumenical_altar_the_god_not_taken,
          nicolae_concentric_dashed_squares_mild
D:3:      minmay_inner_zag, layout_loops_ring, kennysheep_ying_yang,
          jmf_multi_god_temple2, amcnicky_mini_corridor_feature,
          grunt_ministairs_12
D:4:      layout_basic, nicolae_overflow_hidden_temple
D:5:      layout_basic, nicolae_sif_muna_condensation,
          minmay_temple_entry_wispy, minmay_mini_ossuary, uniq_edmund,
          uniq_eustachio
D:6:      minmay_bubble_buster, layout_basic, mainiacjoe_overflow_tiny_flanked,
          minivault_10
D:7:      layout_gridville
D:8:      layout_rooms, vehumet_statue, gammafunk_ghost_split,
          kennysheep_kite_vault
D:9:      layout_cross, mainiacjoe_overflow_alcove_3, st_stairs_3
D:10:     layout_cave_pods, nicolae_tso_carved_into_rock, uniq_sonja,
          uniq_fannar, uniq_snorg
Temple:   nicolae_temple_figure_zero

Skill      XL: |  1  2  3  4  5  6  7  8  9 10 11 |
---------------+----------------------------------+-----
Fighting       | 1 2 3 4 |  4.2
Ice Magic      | 4 5 7 9 12 | 12.0
Spellcasting   | 3 4 5 |  5.0
Fire Magic     | 2 8 10 | 10.0
Conjurations   | 2 |  2.7
Dodging        | |  1.7
Stealth        | |  1.4

Action                   |  1- 3 |  4- 6 |  7- 9 | 10-12 || total
-------------------------+-------+-------+-------+-------++-------
Melee: Unarmed           |     5 |       |    17 |       ||    22
       Short sword       |    26 |    66 |    93 |       ||   185
       Falchion          |       |       |   131 |   156 ||   287
 Cast: Freeze            |    52 |    25 |     8 |    12 ||    97
       Frozen Ramparts   |       |    16 |    54 |    30 ||   100
       Ozocubu's Armour  |       |     1 |     7 |    11 ||    19
       Hailstorm         |       |       |       |     1 ||     1
       Flame Wave        |       |       |       |     1 ||     1
Evoke: Wand              |       |       |       |     6 ||     6
       Phial of floods   |       |       |       |     1 ||     1
  Use: Potion            |       |     2 |     6 |       ||     8
       Scroll            |       |       |    12 |     1 ||    13
Armor: Robe              |    26 |    30 |    92 |       ||   148
       Skin              |       |       |     3 |       ||     3
       Troll leather arm |       |       |     3 |   134 ||   137
Dodge: Dodged            |    46 |    43 |   146 |   215 ||   450

Table legend: (Time is in decaauts)
 A = Elapsed time spent in this place.
 B = Non-inter-level travel time spent in this place.
 C = Inter-level travel time spent in this place.
 D = Time resting spent in this place.
 E = Time spent auto-exploring this place.
 F = Levels seen in this place.
 G = Mean time per level.
                   A        B        C        D        E       F      G
               +--------+--------+--------+--------+--------+-----+--------+
         Total |  12013 |  11602 |    411 |    758 |   8531 |  11 | 1092.1 |
       Dungeon |  11890 |  11488 |    402 |    758 |   8418 |  10 | 1189.0 |
        Temple |    123 |    114 |      9 |      0 |    113 |   1 |  123.0 |
               +--------+--------+--------+--------+--------+-----+--------+

Top non-repeatable levels by time:
     D:6: 1702 daAuts
     D:5: 1652 daAuts
     D:3: 1443 daAuts
     D:2: 1273 daAuts
     D:7: 1203 daAuts
     D:1: 1064 daAuts
     D:4: 1055 daAuts
    D:10: 968 daAuts
     D:8: 915 daAuts
     D:9: 610 daAuts
  Temple: 123 daAuts
